Map: Ruins of Endion

Players

test - Winner!

  • Race: Terran Terran
  • League: Diamond

blackxored

  • Race: Zerg Zerg
  • League: Diamond

VOD

Have the link to the VOD?

Description

Time

  • Played on: June 30, 2016, 9:57 a.m.
  • Length: 5:45
Show
View Real Time Build Order
Export as new Build Order

test Terran - Winner!

Build Orders:  

Get SALT Encoding   

  12  0:00  SCV  
  13  0:13  Supply Depot  
  13  0:36  Barracks  
  13  0:48  Barracks  
  13  1:02  Barracks  
  13  1:07  SCV  
  14  1:23  Marine  
  15  1:26  Orbital Command  
  15  1:38  Marine  
  16  1:42  Marine  
  17  1:50  Marine  
  18  1:56  Marine  
  19  2:01  Bunker  
  19  2:17  Marine x3  
  22  2:30  Supply Depot  
  21  2:48  Marine  
  21  2:49  Marine  
  23  2:52  Marine  
  24  2:59  Supply Depot  
  24  3:06  Marine x2  
  25  3:13  Marine  
  26  3:24  Marine  
  26  3:25  Marine  
  28  3:31  Marine  
  20  3:42  Marine  
  20  3:43  Marine  
  21  3:49  Marine  
  21  4:00  Marine  
  21  4:01  Marine  
  17  4:04  Refinery  
  17  4:05  Refinery  
  17  4:07  Marine  
  18  4:14  SCV  
  19  4:18  Marine  
  19  4:19  Marine  
  21  4:25  Marine  
  21  4:26  SCV  
  23  4:35  Marine  
  23  4:37  Marine  
  23  4:38  SCV  
Show
View Real Time Build Order
Export as new Build Order

blackxored Zerg 

Build Orders: Hatch First, Zergling Baneling 

Get SALT Encoding   

  12  0:02  Drone  
  13  0:08  Drone  
  14  0:18  Overlord  
  14  0:22  Extractor  
  14  0:24  Drone  
  15  0:37  Drone x2  
  17  0:53  Hatchery  
  17  0:56  Drone  
  17  0:59  Drone  
  18  1:10  Extractor  
  17  1:14  Spawning Pool  
  17  1:16  Drone  
  17  1:20  Drone  
  18  1:28  Drone  
  19  1:53  Overlord  
  19  2:02  Queen  
  19  2:05  Zergling x2, Queen  
  19  2:06  Zergling x4  
  26  2:14  Zergling x2  
  26  2:15  Spine Crawler  
  26  2:19  Zergling x2  
  27  2:24  Zergling x2  
  27  2:25  Metabolic Boost  
  28  2:36  Baneling Nest  
  27  2:37  Zergling x2  
  27  2:47  Zergling x2  
  27  2:48  Zergling x4  
  23  3:06  Overlord  
  23  3:15  Overlord x2  
  23  3:24  Baneling x3, Spine Crawler  
  23  3:25  Baneling  
  20  3:37  Zergling x8  
  20  3:42  Zergling x2  
  20  3:43  Zergling x2  
  22  3:58  Zergling x2  
  22  4:02  Baneling x3  
  23  4:03  Baneling x2  
  23  4:05  Drone  
  24  4:10  Drone  
  25  4:18  Queen  
  27  4:28  Zergling x2  
  28  4:34  Zergling x2  
  29  4:44  Zergling x2  
  26  5:00  Zergling x2  
  23  5:08  Zergling x2  
  24  5:16  Zergling x2  
  24  5:19  Baneling x2  
  24  5:28  Zergling x2  
Tags
 
Add a new tag
Caveats
  • Supply blocks, unpowered buildings, or Contaminate may cause inaccurate times.
  • Supply counts are checked every 10 seconds.